 Dungeon Crawl Stone Soup version 0.19.1-1-g22dce08 (webtiles) character file.

93 galech the Ducker (level 4, 0/44 HPs)
             Began as a Troll Fighter on Jan 5, 2017.
             Was a Follower of Makhleb.
             Slain by an orc
             ... wielding a +0 trident
              (7 damage)
             ... on level 3 of the Dungeon.
             The game lasted 00:03:35 (2036 turns).

galech the Ducker (Troll Fighter)                   Turns: 2036, Time: 00:03:36

Health: 0/44       AC:  5    Str: 25    XL:     4   Next: 36%
Magic:  3/3        EV:  8    Int:  4    God:    Makhleb [*.....]
Gold:   105        SH:  8    Dex:  9    Spells: 0 memorised, 3 levels left

rFire  . . .     SeeInvis .     a - +0 flail
rCold  . . .     Gourm    +     b - +0 robe
rNeg   . . .     Faith    .     c - +0 shield
rPois  .         Spirit   .     (helmet restricted)
rElec  .         Reflect  .     (no cloak)
rCorr  .         Harm     .     (gloves unavailable)
MR     .....                    (boots unavailable)
Stlth  ++........               (no amulet)
                                (no ring)
                                h - ring of stealth

@: lethally poisoned (0 -> -1)
A: unfitting armour, claws 3, fast metabolism 3, gourmand, regeneration 1,
shaggy fur 1, tough skin 2
a: Renounce Religion


You were on level 3 of the Dungeon.
You worshipped Makhleb.
Makhleb was aware of your devotion.
You were completely stuffed.

You visited 1 branch of the dungeon, and saw 3 of its levels.

You collected 105 gold pieces.

Inventory:

Hand Weapons
 a - a +0 flail (weapon)
Armour
 b - a +0 robe (worn)
 c - a +0 shield (worn)
Jewellery
 h - a ring of stealth (left claw)
Scrolls
 k - a scroll of noise {unknown}
 l - a scroll of teleportation {unknown}
 n - a scroll of amnesia {unknown}
 p - a scroll of magic mapping {unknown}
Potions
 d - a potion of might
 e - 3 potions of curing {unknown}
 g - a potion of agility {unknown}
 i - 4 potions of lignification {unknown}
 j - 2 potions of resistance {unknown}
 m - a potion of invisibility {unknown}
Comestibles
 f - 3 bread rations
 o - 2 chunks of flesh


   Skills:
 + Level 2.8 Fighting
 + Level 3.0 Maces & Flails
 + Level 3.0 Dodging
 - Level 2.6 Shields


You had 3 spell levels left.
You didn't know any spells.

Dungeon Overview and Level Annotations

Branches:
Dungeon (3/15)

Altars:
Makhleb
Qazlal


Innate Abilities, Weirdness & Mutations

You are too large for most types of armour.
You have claws for hands.
Your metabolism is lightning-fast.
You like to eat raw meat.
Your natural rate of healing is unusually fast.
You are covered in fur. (AC +1)
You have very tough skin. (AC +2)


Message History

* * * LOW HITPOINT WARNING * * *
You block the orc's attack.
You hit the orc.
The orc is almost dead.
You block the orc's attack. The orc barely misses you.
You barely miss the orc.
The orc is almost dead.
You feel sick. The orc hits you with a short sword.
* * * LOW HITPOINT WARNING * * *
The orc hits you but does no damage.
You completely miss the orc.
The orc is almost dead.
The orc barely misses you. x3
You closely miss the orc.
The orc is almost dead.
The orc hits you from afar with a trident.
* * * LOW HITPOINT WARNING * * *
You block the orc's attack.
The orc hits you from afar with a trident!
You die...

#########
........# ###
........########..
.....[..o@....##.#
.......o#####.##.#
........# #.##.#
=......o# #..#.# #
.......?# ##.#.###
# ..[..$..#
#.....# #
........# ##.##.#
# ........# #.##.#
# #########
####..#.#


You could see 2 orcs.

Vanquished Creatures
  4 adders
  An ooze (D:3)
  An adder skeleton (D:3)
  A worm (D:3)
  A dart slug (D:1)
  A leopard gecko (D:1)
  5 orcs (D:3)
  A giant cockroach (D:1)
  2 goblins (D:1)
  5 hobgoblins
  13 bats
  A frilled lizard (D:1)
  2 kobolds
  4 rats
42 creatures vanquished.

Notes
Turn   | Place    | Note
-------+----------+-------------------------------------------
     0 | D:1      | galech the Troll Fighter began the quest for the Orb.
     0 | D:1      | Reached XP level 1. HP: 22/22 MP: 0/0
   326 | D:1      | Reached XP level 2. HP: 29/29 MP: 1/1
  1003 | D:2      | Reached XP level 3. HP: 36/36 MP: 2/2
  1251 | D:2      | Found a faded altar of an unknown god.
  1264 | D:2      | Became a worshipper of Makhleb the Destroyer
  1264 | D:2      | Reached * piety under Makhleb
  1409 | D:2      | Noticed an air elemental
  1411 | D:2      | Noticed an earth elemental
  1413 | D:2      | Found a stormy altar of Qazlal.
  1414 | D:2      | Noticed a water elemental
  1414 | D:2      | Noticed a fire elemental
  1880 | D:3      | Reached XP level 4. HP: 44/44 MP: 3/3
  2036 | D:3      | Slain by an orc

Skill      XL: |  1  2  3  4 |
---------------+-------------+-----
Maces & Flails | 2 3 |  3.0
Dodging        | 3 |  3.0
Fighting       | |  2.8
Shields        | |  2.6

Action                   |  1- 3 |  4- 6 || total
-------------------------+-------+-------++-------
Melee: Flail             |   143 |    57 ||   200
 Stab: Sleeping          |     2 |       ||     2
  Eat: Chunk             |    21 |     4 ||    25
Armor: Robe              |    69 |    19 ||    88
Dodge: Dodged            |    64 |    38 ||   102
Block: Shield            |    85 |    40 ||   125
